General information
- name: BNet
- type: Ladder team game (AT/RT)
- host: Battle.net
- saver: TIMG4STRok
map: SilverpineForest
- players: 6
- length: 111:35
- speed: Fast
- version: 1.21 W3XP
- replay type:

» download(629 KB)
Players
team 1 (winner)

»
FEEDMETEARS (
green | 93 APM | 10320 actions | 111:34)
6 Archmage
3 Blizzard
2 Brilliance Aura
1 Mass Teleport
5 Blood Mage
3 Flame Strike
2 Siphon Mana
» actions
| Assign group hotkey | 34 | |
| Basic commands | 96 | |
| Build / train | 212 | |
| ESC pressed | 16 | |
| Enter build submenu | 225 | |
| Enter hero's abilities submenu | 11 | |
| Give item / drop item | 6 | |
| Remove unit from queue | 1 | |
| Right click | 4297 | |
| Select / deselect | 1878 | |
| Select group hotkey | 3161 | |
| Use ability | 377 | |
10320 total
» units
| Peasant | 23 | |
| Footman | 3 | |
| Dragonhawk Rider | 18 | |
| Siege Engine | 2 | |
46 total
» upgrades
| Masonry | 3 | |
| Gunpowder | 3 | |
| Lumber Harvesting | 1 | |
| Flak Cannons | 1 | |
| Flying Machine Bombs | 1 | |
| Cloud | 1 | |
| Storm Hammers | 1 | |
| Barrage | 1 | |
| Plating | 1 | |
| Magic Sentry | 1 | |
| Animal War Training | 1 | |
15 total
» buildings
| Altar of Kings | 1 | |
| Farm | 17 | |
| Barracks | 1 | |
| Scout Tower | 161 | |
| Lumber Mill | 1 | |
| Arcane Tower | 1 | |
| Guard Tower | 101 | |
| Keep | 2 | |
| Arcane Vault | 5 | |
| Blacksmith | 1 | |
| Castle | 1 | |
| Workshop | 2 | |
| Town Hall | 1 | |
| Gryphon Aviary | 6 | |
| Arcane Sanctum | 1 | |
302 total
» build order
00:13 Altar of Kings
00:20 Farm
00:49 Barracks
00:53 Farm
00:56 Farm
01:40 Scout Tower
01:49 Lumber Mill
02:12 Arcane Tower
02:15 Farm
02:46 Scout Tower
02:48 Scout Tower
02:50 Scout Tower
03:07 Scout Tower
03:19 Guard Tower
03:20 Scout Tower
03:22 Scout Tower
03:51 Guard Tower
03:52 Scout Tower
03:55 Guard Tower
03:56 Scout Tower
03:57 Scout Tower
04:00 Scout Tower
04:01 Scout Tower
04:29 Guard Tower
04:32 Guard Tower
04:33 Keep
04:34 Keep
04:41 Farm
04:43 Guard Tower
04:46 Scout Tower
04:49 Scout Tower
04:50 Scout Tower
04:51 Scout Tower
04:53 Guard Tower
04:57 Scout Tower
05:06 Scout Tower
05:09 Scout Tower
05:27 Scout Tower
05:31 Scout Tower
05:37 Guard Tower
05:40 Scout Tower
05:42 Guard Tower
05:44 Scout Tower
05:55 Arcane Vault
06:04 Guard Tower
06:07 Guard Tower
06:10 Scout Tower
06:12 Scout Tower
06:29 Guard Tower
06:31 Scout Tower
06:34 Scout Tower
06:36 Guard Tower
06:39 Scout Tower
06:40 Guard Tower
06:41 Scout Tower
06:43 Scout Tower
06:47 Blacksmith
06:50 Guard Tower
06:52 Scout Tower
06:58 Guard Tower
07:00 Scout Tower
07:02 Guard Tower
07:12 Guard Tower
07:14 Scout Tower
07:19 Guard Tower
07:42 Guard Tower
07:47 Scout Tower
07:47 Guard Tower
07:53 Scout Tower
07:54 Guard Tower
07:55 Castle
07:58 Scout Tower
08:20 Guard Tower
08:24 Arcane Vault
08:30 Workshop
08:31 Workshop
08:39 Guard Tower
08:56 Scout Tower
08:59 Scout Tower
09:06 Scout Tower
09:08 Scout Tower
09:12 Scout Tower
09:16 Scout Tower
09:23 Guard Tower
09:24 Guard Tower
09:37 Guard Tower
09:40 Scout Tower
09:42 Scout Tower
09:44 Guard Tower
09:47 Scout Tower
09:50 Scout Tower
09:57 Scout Tower
10:00 Scout Tower
10:02 Scout Tower
10:13 Guard Tower
10:24 Scout Tower
10:28 Guard Tower
10:40 Guard Tower
10:54 Scout Tower
10:57 Scout Tower
10:59 Guard Tower
11:01 Scout Tower
11:04 Scout Tower
11:31 Town Hall
11:55 Guard Tower
11:57 Scout Tower
12:01 Scout Tower
12:05 Scout Tower
12:09 Guard Tower
12:11 Scout Tower
12:15 Scout Tower
12:22 Scout Tower
12:29 Guard Tower
12:32 Scout Tower
12:40 Scout Tower
12:47 Guard Tower
12:48 Scout Tower
12:49 Guard Tower
12:53 Scout Tower
13:04 Guard Tower
13:07 Guard Tower
13:12 Scout Tower
13:12 Guard Tower
13:16 Scout Tower
13:24 Guard Tower
13:26 Scout Tower
13:28 Scout Tower
13:44 Guard Tower
13:49 Guard Tower
13:52 Scout Tower
13:57 Guard Tower
14:23 Guard Tower
14:27 Scout Tower
15:02 Scout Tower
15:17 Scout Tower
15:19 Scout Tower
15:21 Scout Tower
15:26 Scout Tower
15:30 Arcane Vault
15:32 Guard Tower
15:32 Guard Tower
15:39 Arcane Vault
15:50 Scout Tower
15:51 Scout Tower
15:52 Scout Tower
15:59 Guard Tower
16:08 Scout Tower
16:09 Scout Tower
16:12 Scout Tower
16:13 Scout Tower
16:14 Scout Tower
16:15 Scout Tower
16:33 Scout Tower
16:35 Scout Tower
16:38 Scout Tower
16:40 Scout Tower
16:42 Guard Tower
16:49 Guard Tower
16:59 Scout Tower
17:00 Scout Tower
17:01 Scout Tower
17:06 Guard Tower
17:09 Scout Tower
17:10 Guard Tower
17:10 Guard Tower
17:33 Guard Tower
17:35 Guard Tower
17:41 Farm
17:42 Farm
17:43 Farm
17:45 Guard Tower
17:49 Scout Tower
17:57 Guard Tower
17:59 Guard Tower
18:07 Scout Tower
18:10 Scout Tower
18:12 Scout Tower
18:13 Scout Tower
18:14 Scout Tower
18:18 Scout Tower
18:19 Scout Tower
18:21 Scout Tower
18:23 Guard Tower
18:26 Scout Tower
18:40 Guard Tower
18:57 Guard Tower
19:03 Scout Tower
19:04 Scout Tower
19:11 Scout Tower
19:19 Scout Tower
19:20 Scout Tower
19:21 Scout Tower
19:42 Guard Tower
20:07 Guard Tower
20:12 Guard Tower
20:27 Scout Tower
20:30 Scout Tower
20:47 Guard Tower
20:54 Guard Tower
20:58 Scout Tower
21:03 Scout Tower
21:58 Guard Tower
23:26 Gryphon Aviary
23:33 Gryphon Aviary
23:39 Gryphon Aviary
23:40 Gryphon Aviary
24:13 Farm
24:14 Farm
24:15 Farm
24:16 Farm
26:11 Scout Tower
26:16 Scout Tower
26:21 Scout Tower
26:53 Scout Tower
26:55 Guard Tower
26:55 Guard Tower
27:46 Guard Tower
27:50 Scout Tower
27:53 Scout Tower
29:05 Guard Tower
29:07 Scout Tower
29:09 Scout Tower
29:15 Scout Tower
29:40 Scout Tower
29:48 Scout Tower
29:49 Guard Tower
29:50 Scout Tower
29:56 Scout Tower
29:59 Scout Tower
30:02 Farm
30:42 Guard Tower
31:06 Guard Tower
32:26 Scout Tower
33:59 Guard Tower
34:02 Scout Tower
34:04 Scout Tower
34:19 Farm
34:32 Guard Tower
34:34 Guard Tower
34:40 Scout Tower
34:43 Scout Tower
35:39 Scout Tower
35:40 Guard Tower
35:44 Scout Tower
35:46 Scout Tower
36:19 Gryphon Aviary
36:20 Guard Tower
36:21 Guard Tower
36:22 Scout Tower
36:24 Scout Tower
36:30 Guard Tower
36:52 Guard Tower
37:01 Gryphon Aviary
37:05 Guard Tower
37:08 Scout Tower
37:13 Scout Tower
37:34 Scout Tower
37:50 Guard Tower
38:05 Farm
38:38 Guard Tower
40:06 Farm
40:08 Farm
42:21 Scout Tower
43:19 Scout Tower
43:20 Guard Tower
43:46 Guard Tower
43:47 Scout Tower
44:15 Guard Tower
44:19 Scout Tower
44:59 Guard Tower
45:01 Scout Tower
45:13 Arcane Vault
45:21 Arcane Sanctum
45:33 Guard Tower
45:37 Scout Tower
45:39 Scout Tower
45:41 Scout Tower
45:42 Scout Tower
46:25 Guard Tower
46:49 Guard Tower
46:56 Guard Tower
47:23 Guard Tower
47:25 Scout Tower
47:28 Scout Tower
48:10 Guard Tower
49:43 Guard Tower
49:48 Scout Tower
49:50 Scout Tower
49:51 Scout Tower
49:52 Scout Tower
49:53 Scout Tower
50:31 Guard Tower
51:17 Scout Tower
51:19 Scout Tower
51:21 Scout Tower
51:45 Guard Tower
53:09 Guard Tower
53:11 Scout Tower
53:40 Guard Tower
53:45 Scout Tower
53:55 Scout Tower
54:30 Guard Tower
» items
| Scroll of Regeneration | 1 | |
| Lesser Clarity Potion | 1 | |
| Scroll of Town Portal | 3 | |
| Staff of Sanctuary | 2 | |
| Staff of Teleportation | 2 | |
| Potion of Lesser Invulnerability | 2 | |
| Boots of Speed | 1 | |
| Periapt of Vitality | 1 | |
13 total
Iceberg-Slim (
red | 74 APM | 8232 actions | 111:34)
10 Warden
3 Shadow Strike
3 Blink
1 Spirit of Vengeance
3 Fan of Knives
» actions
| Assign group hotkey | 21 | |
| Basic commands | 194 | |
| Build / train | 119 | |
| ESC pressed | 3 | |
| Enter build submenu | 42 | |
| Enter hero's abilities submenu | 11 | |
| Give item / drop item | 8 | |
| Remove unit from queue | 6 | |
| Right click | 5439 | |
| Select / deselect | 1118 | |
| Select group hotkey | 872 | |
| Use ability | 398 | |
8232 total
» units
| Wisp | 28 | |
| Hippogryph | 41 | |
| Chimaera | 7 | |
| Goblin Zeppelin | 1 | |
77 total
» upgrades
| Nature's Blessing | 1 | |
| Well Spring | 1 | |
| Ultravision | 1 | |
| Strength of the Wild | 3 | |
| Reinforced Hides | 3 | |
| Corrosive Breath | 1 | |
10 total
» buildings
| Altar of Elders | 2 | |
| Moon Well | 19 | |
| Ancient of Wonders | 2 | |
| Tree of Ages | 3 | |
| Tree of Life | 5 | |
| Tree of Eternity | 2 | |
| Ancient of Wind | 1 | |
| Hunter's Hall | 1 | |
| Chimaera Roost | 2 | |
| Ancient Protector | 1 | |
38 total
» build order
00:06 Altar of Elders
00:21 Moon Well
00:49 Moon Well
05:30 Ancient of Wonders
05:58 Tree of Ages
06:00 Moon Well
06:58 Tree of Life
09:39 Tree of Eternity
09:42 Ancient of Wind
10:53 Hunter's Hall
12:07 Chimaera Roost
12:09 Chimaera Roost
13:10 Moon Well
14:10 Moon Well
15:05 Moon Well
19:58 Tree of Ages
22:24 Tree of Eternity
24:39 Ancient Protector
27:03 Tree of Life
27:19 Tree of Life
27:46 Tree of Life
33:25 Tree of Life
36:07 Ancient of Wonders
39:06 Tree of Ages
47:58 Moon Well
48:03 Moon Well
50:41 Moon Well
50:47 Moon Well
55:48 Moon Well
55:56 Moon Well
56:00 Moon Well
76:16 Moon Well
99:00 Altar of Elders
99:27 Moon Well
99:29 Moon Well
99:36 Moon Well
101:23 Moon Well
102:11 Moon Well
» items
| Boots of Speed | 1 | |
| Staff of Teleportation | 1 | |
| Scroll of Town Portal | 4 | |
| Orb of Venom | 1 | |
| Cloak of Flames | 1 | |
| Amulet of Spell Shield | 1 | |
| Wand of Illusion | 1 | |
10 total

»
TIMG4STRok (
teal | 78 APM | 8652 actions | 111:35)
7 Blademaster
3 Wind Walk
2 Critical Strike
1 Mirror Image
1 Bladestorm
7 Pandaren Brewmaster
3 Breath of Fire
3 Drunken Brawler
1 Storm Earth and Fire
» actions
| Assign group hotkey | 36 | |
| Basic commands | 176 | |
| Build / train | 120 | |
| ESC pressed | 9 | |
| Enter build submenu | 67 | |
| Enter hero's abilities submenu | 14 | |
| Give item / drop item | 32 | |
| Right click | 4819 | |
| Select / deselect | 630 | |
| Select group hotkey | 2188 | |
| Use ability | 558 | |
8652 total
» units
| Peon | 17 | |
| Troll Batrider | 16 | |
| Goblin Zeppelin | 1 | |
| Kodo Beast | 1 | |
| Wind Rider | 8 | |
| Troll Witch Doctor | 2 | |
| Shaman | 5 | |
| Spirit Walker | 2 | |
52 total
» upgrades
| Spiked Barricades | 3 | |
| Ranged Weapons | 3 | |
| Armor | 3 | |
| Liquid Fire | 1 | |
| Envenomed Spears | 1 | |
| War Drums Damage Increase | 2 | |
| Ensnare | 1 | |
| Shaman Training | 2 | |
| Witch Doctor Training | 2 | |
| Spirit Walker Training | 2 | |
| Pillage | 1 | |
| Backpack | 1 | |
| Reinforced Defenses | 1 | |
23 total
» buildings
| Altar of Storms | 2 | |
| Orc Burrow | 20 | |
| War Mill | 1 | |
| Watch Tower | 37 | |
| Voodoo Lounge | 2 | |
| Great Hall | 2 | |
| Stronghold | 1 | |
| Beastiary | 2 | |
| Fortress | 1 | |
| Spirit Lodge | 1 | |
69 total
» build order
00:07 Altar of Storms
00:19 Orc Burrow
00:29 War Mill
01:53 Watch Tower
01:57 Watch Tower
02:07 Orc Burrow
03:06 Voodoo Lounge
03:16 Watch Tower
03:16 Watch Tower
03:57 Watch Tower
03:58 Watch Tower
05:22 Great Hall
05:23 Stronghold
05:28 Watch Tower
05:29 Watch Tower
05:37 Watch Tower
06:03 Watch Tower
06:04 Watch Tower
06:25 Watch Tower
06:35 Watch Tower
06:36 Watch Tower
06:42 Watch Tower
06:47 Watch Tower
08:00 Watch Tower
08:01 Watch Tower
08:02 Watch Tower
08:05 Watch Tower
08:18 Great Hall
08:27 Beastiary
09:15 Watch Tower
09:16 Watch Tower
09:19 Watch Tower
09:21 Watch Tower
09:23 Watch Tower
09:44 Beastiary
10:27 Orc Burrow
10:29 Orc Burrow
12:14 Fortress
12:28 Watch Tower
12:29 Watch Tower
12:30 Watch Tower
13:40 Voodoo Lounge
13:43 Watch Tower
13:44 Watch Tower
13:46 Watch Tower
14:04 Watch Tower
14:04 Watch Tower
14:05 Watch Tower
16:13 Watch Tower
16:16 Watch Tower
16:16 Watch Tower
18:29 Spirit Lodge
27:20 Orc Burrow
27:21 Orc Burrow
27:22 Orc Burrow
27:23 Orc Burrow
41:08 Orc Burrow
53:20 Orc Burrow
53:26 Orc Burrow
53:27 Orc Burrow
56:08 Orc Burrow
56:10 Orc Burrow
58:02 Orc Burrow
58:06 Orc Burrow
58:07 Orc Burrow
58:35 Orc Burrow
59:10 Orc Burrow
59:11 Orc Burrow
59:56 Altar of Storms
» items
| Staff of Teleportation | 2 | |
| Boots of Speed | 2 | |
| Healing Salve | 3 | |
| Lesser Clarity Potion | 5 | |
| Orb of Lightning | 2 | |
| Helm of Valor | 2 | |
| Claws of Attack +9 | 2 | |
| Staff of Sanctuary | 1 | |
| Amulet of Spell Shield | 1 | |
| Pendant of Mana | 1 | |
| Hood of Cunning | 1 | |
| Warsong Battle Drums | 1 | |
| Legion Doom-Horn | 1 | |
| Dust of Appearance | 1 | |
| Claws of Attack +12 | 1 | |
26 total
team 2 (loser)
impreza.inc. (
yellow | 40 APM | 4414 actions | 111:30)
8 Keeper of the Grove
3 Entangling Roots
3 Thorns Aura
1 Tranquility
1 Force of Nature
4 Naga Sea Witch
2 Frost Arrows
2 Forked Lightning
1 Warden
1 Blink
» actions
| Assign group hotkey | 32 | |
| Basic commands | 27 | |
| Build / train | 106 | |
| ESC pressed | 1 | |
| Enter build submenu | 47 | |
| Enter hero's abilities submenu | 15 | |
| Give item / drop item | 5 | |
| Remove unit from queue | 1 | |
| Right click | 2189 | |
| Select / deselect | 793 | |
| Select group hotkey | 991 | |
| Use ability | 207 | |
4414 total
» units
| Wisp | 41 | |
| Huntress | 5 | |
| Chimaera | 9 | |
| Glaive Thrower | 6 | |
61 total
» upgrades
| Strength of the Moon | 3 | |
| Strength of the Wild | 3 | |
| Corrosive Breath | 1 | |
| Reinforced Hides | 3 | |
| Upgrade Moon Glaive | 1 | |
| Sentinel | 1 | |
| Vorpal Blades | 1 | |
| Ultravision | 1 | |
| Well Spring | 1 | |
| Moon Armor | 1 | |
| Nature's Blessing | 1 | |
17 total
» buildings
| Altar of Elders | 1 | |
| Moon Well | 18 | |
| Hunter's Hall | 1 | |
| Ancient of War | 2 | |
| Tree of Ages | 1 | |
| Ancient Protector | 16 | |
| Ancient of Wind | 1 | |
| Tree of Eternity | 1 | |
| Chimaera Roost | 3 | |
| Tree of Life | 1 | |
45 total
» build order
00:07 Altar of Elders
00:10 Moon Well
01:07 Hunter's Hall
01:41 Ancient of War
02:02 Ancient of War
02:22 Moon Well
03:45 Moon Well
04:30 Tree of Ages
05:01 Ancient Protector
06:38 Moon Well
07:14 Ancient of Wind
07:49 Tree of Eternity
10:19 Chimaera Roost
10:21 Chimaera Roost
10:23 Chimaera Roost
12:30 Moon Well
12:31 Moon Well
13:36 Moon Well
13:39 Moon Well
13:42 Moon Well
15:16 Ancient Protector
15:37 Ancient Protector
15:40 Ancient Protector
18:45 Moon Well
23:48 Moon Well
34:38 Moon Well
34:40 Moon Well
37:36 Tree of Life
64:28 Ancient Protector
64:31 Ancient Protector
64:55 Ancient Protector
65:18 Ancient Protector
65:30 Ancient Protector
65:46 Ancient Protector
66:11 Ancient Protector
66:16 Ancient Protector
66:25 Ancient Protector
66:33 Ancient Protector
66:44 Ancient Protector
67:16 Ancient Protector
67:21 Moon Well
67:30 Moon Well
67:37 Moon Well
67:56 Moon Well
99:33 Moon Well
» items
| Ring of Protection +2 | 1 | |
| Scroll of Healing | 1 | |
| Scroll of Town Portal | 1 | |
| Pendant of Mana | 1 | |
| Hood of Cunning | 1 | |
| Periapt of Vitality | 1 | |
| Mantle of Intelligence +3 | 1 | |
| Boots of Speed | 1 | |
| Pendant of Energy | 1 | |
| Ring of Regeneration | 1 | |
10 total
King_NE (
orange | 29 APM | 2513 actions | 85:55)
6 Warden
3 Shadow Strike
2 Blink
1 Spirit of Vengeance
» actions
| Assign group hotkey | 43 | |
| Basic commands | 54 | |
| Build / train | 144 | |
| ESC pressed | 11 | |
| Enter build submenu | 30 | |
| Enter hero's abilities submenu | 6 | |
| Give item / drop item | 1 | |
| Remove unit from queue | 2 | |
| Right click | 1094 | |
| Select / deselect | 580 | |
| Select group hotkey | 483 | |
| Use ability | 65 | |
2513 total
» units
| Wisp | 43 | |
| Huntress | 10 | |
| Glaive Thrower | 24 | |
| Goblin Shredder | 1 | |
| Hippogryph | 34 | |
| Archer | 11 | |
| Faerie Dragon | 1 | |
124 total
» upgrades
| Ultravision | 1 | |
| Hippogryph Taming | 1 | |
| Strength of the Wild | 2 | |
| Reinforced Hides | 2 | |
| Nature's Blessing | 1 | |
7 total
» buildings
| Altar of Elders | 2 | |
| Moon Well | 10 | |
| Hunter's Hall | 1 | |
| Ancient of War | 2 | |
| Tree of Ages | 2 | |
| Ancient of Wind | 7 | |
| Ancient of Wonders | 1 | |
| Tree of Eternity | 2 | |
| Tree of Life | 1 | |
| Ancient Protector | 2 | |
30 total
» build order
00:08 Altar of Elders
00:19 Moon Well
01:16 Hunter's Hall
01:42 Ancient of War
02:05 Ancient of War
02:21 Moon Well
02:42 Moon Well
04:47 Moon Well
04:51 Moon Well
06:31 Tree of Ages
09:24 Ancient of Wind
09:31 Moon Well
11:30 Moon Well
11:54 Ancient of Wonders
13:36 Ancient of Wind
13:39 Ancient of Wind
19:44 Tree of Eternity
19:52 Moon Well
20:37 Moon Well
20:40 Moon Well
23:36 Tree of Life
26:37 Tree of Ages
30:33 Altar of Elders
32:30 Ancient of Wind
35:26 Ancient of Wind
35:31 Ancient of Wind
36:28 Ancient Protector
37:53 Ancient Protector
41:14 Ancient of Wind
45:44 Tree of Eternity
» items
| Staff of Preservation | 1 | |
| Warsong Battle Drums | 1 | |
2 total
Vinho (
blue | 47 APM | 5253 actions | 111:33)
10 Far Seer
3 Feral Spirit
3 Chain Lighting
1 Earth Quake
3 Far Sight
» actions
| Assign group hotkey | 62 | |
| Basic commands | 61 | |
| Build / train | 104 | |
| ESC pressed | 4 | |
| Enter build submenu | 49 | |
| Enter hero's abilities submenu | 11 | |
| Give item / drop item | 5 | |
| Right click | 2482 | |
| Select / deselect | 847 | |
| Select group hotkey | 1192 | |
| Use ability | 436 | |
5253 total
» units
| Peon | 15 | |
| Grunt | 6 | |
| Raider | 14 | |
| Goblin Sapper | 2 | |
| Troll Batrider | 1 | |
| Shaman | 10 | |
| Goblin Shredder | 1 | |
| Kodo Beast | 1 | |
| Goblin Zeppelin | 1 | |
51 total
» upgrades
| Berserker Strength | 1 | |
| Ensnare | 1 | |
| Armor | 3 | |
| Melee Weapons | 3 | |
| Pillage | 1 | |
| Shaman Training | 2 | |
| Spiked Barricades | 3 | |
| Backpack | 1 | |
| Reinforced Defenses | 1 | |
| Ranged Weapons | 3 | |
| Witch Doctor Training | 2 | |
| Spirit Walker Training | 2 | |
| Liquid Fire | 1 | |
| War Drums Damage Increase | 1 | |
| Envenomed Spears | 1 | |
| Pulverize | 1 | |
27 total
» buildings
| Altar of Storms | 1 | |
| Orc Burrow | 7 | |
| Barracks | 1 | |
| Voodoo Lounge | 2 | |
| Stronghold | 3 | |
| Beastiary | 3 | |
| War Mill | 2 | |
| Fortress | 1 | |
| Spirit Lodge | 2 | |
| Watch Tower | 30 | |
| Tauren Totem | 1 | |
53 total
» build order
00:05 Altar of Storms
00:10 Orc Burrow
00:30 Barracks
01:29 Orc Burrow
01:52 Voodoo Lounge
04:31 Stronghold
04:31 Stronghold
05:07 Orc Burrow
05:48 Orc Burrow
07:18 Beastiary
07:23 Beastiary
08:45 Orc Burrow
09:36 War Mill
13:48 Orc Burrow
14:20 Fortress
19:15 Spirit Lodge
19:19 Spirit Lodge
23:14 Watch Tower
23:19 Watch Tower
24:11 Watch Tower
24:14 Watch Tower
24:18 Watch Tower
24:21 Watch Tower
26:22 Orc Burrow
34:06 Beastiary
34:17 Voodoo Lounge
34:21 Watch Tower
34:28 Watch Tower
34:31 Watch Tower
36:41 Watch Tower
36:43 Watch Tower
36:47 Watch Tower
36:50 Watch Tower
36:57 Watch Tower
37:01 Watch Tower
37:06 Watch Tower
38:14 War Mill
38:19 Watch Tower
38:22 Watch Tower
40:29 Watch Tower
40:31 Watch Tower
41:33 Watch Tower
41:37 Watch Tower
42:40 Watch Tower
42:43 Watch Tower
43:48 Watch Tower
43:50 Watch Tower
45:00 Watch Tower
45:02 Watch Tower
46:51 Watch Tower
46:53 Watch Tower
50:26 Tauren Totem
» items
| Claws of Attack +6 | 2 | |
| Healing Salve | 4 | |
| Tiny Great Hall | 2 | |
| Lesser Clarity Potion | 1 | |
| Scroll of Town Portal | 1 | |
10 total
Chat log
(01:04 / All) TIMG4STRok: gl hf eta
(01:08 / All) Vinho: thx u2
(01:18 / All) TIMG4STRok: hope you enjoy this game
(01:25 / All) Vinho: ...
(01:29 / All) impreza.inc.: no hack right?
(03:29 / All) impreza.inc.: =D
(03:33 / All) Iceberg-Slim: gg
(03:38 / All) Vinho: lol
(04:11 / All) Vinho: LOL
(04:15 / All) Vinho: self surrounded
(04:22 / All) FEEDMETEARS: more like
(04:28 / All) FEEDMETEARS: u blocked ur base off
(04:48 / All) Vinho: damn you killed 1 peon! T_t
(13:01 / All) FEEDMETEARS: epic mh jack guyz
(13:02 / All) FEEDMETEARS: epic
(13:15 / All) King_NE: not bad ehh
(15:42 / All) King_NE: mass bats nice
(15:45 / Allies) TIMG4STRok: huh
(15:47 / All) TIMG4STRok: huh
(15:55 / All) King_NE: i see em at ur base
(15:57 / All) Vinho: don't say it's map hack ;p
(16:00 / All) TIMG4STRok: nice mh
(16:08 / All) King_NE: thx
(16:15 / All) King_NE: but its not that
(16:20 / All) TIMG4STRok: nice try hacker
(16:31 / All) King_NE: just leave?
(16:36 / All) TIMG4STRok: you?
(16:39 / Allies) Iceberg-Slim: bow
(16:41 / All) King_NE: you lol
(17:31 / All) FEEDMETEARS: ty for free xp orange
(21:43 / All) FEEDMETEARS: u got ur mh outta cerial box yes?
(25:20 / All) TIMG4STRok: repair
(26:27 / All) King_NE: thats soo gay
(26:33 / All) FEEDMETEARS: NO U
(28:31 / All) FEEDMETEARS: gogo lbue
(28:44 / All) FEEDMETEARS: blue can i have ur autograph on my mousepad?
(40:57 / All) King_NE: gg noobs
(41:01 / All) Iceberg-Slim: g....
(41:04 / All) Iceberg-Slim: g.....
(45:01 / All) Iceberg-Slim: was afl
(45:04 / All) Iceberg-Slim: wha happen
(45:46 / All) FEEDMETEARS: meanies
(45:47 / All) FEEDMETEARS: stop
(45:52 / All) FEEDMETEARS: attcking my buildings
(46:57 / All) Vinho: LOL
(47:41 / All) impreza.inc.: ...
(49:31 / All) impreza.inc.: gotcha
(49:33 / All) FEEDMETEARS: FOR THE MOTHER LAND
(51:20 / All) Iceberg-Slim: gg
(51:22 / All) TIMG4STRok: gg
(51:30 / All) impreza.inc.: wate of time
(51:34 / All) Iceberg-Slim: bow
(51:37 / All) Iceberg-Slim: you lost i think
(51:56 / All) FEEDMETEARS: O NOES
(52:00 / All) FEEDMETEARS: UR KILLING MY FARMS :(
(56:59 / All) FEEDMETEARS: eating taco bell
(57:10 / All) impreza.inc.: fucking waste of time
(57:15 / All) FEEDMETEARS: noobshit shut up
(57:19 / All) FEEDMETEARS:
(57:20 / All) FEEDMETEARS:
(57:21 / All) FEEDMETEARS: <----
(57:23 / All) impreza.inc.: hahahaha
(57:24 / All) FEEDMETEARS: read the name buddy
(57:32 / All) Iceberg-Slim: you could leave
(57:34 / All) impreza.inc.: u noobshit stfu u didnt do shit in this game but tower up
(57:41 / All) impreza.inc.: stfu trash
(57:46 / All) King_NE: Tthey got no skill
(57:46 / All) FEEDMETEARS: profile me
(57:49 / All) King_NE: all they can do
(57:49 / All) FEEDMETEARS: profile me
(57:51 / All) FEEDMETEARS: alt tab
(57:52 / All) FEEDMETEARS: and
(57:54 / All) FEEDMETEARS: web profile me
(57:55 / All) Vinho: ;p
(57:55 / All) FEEDMETEARS: thanx
(58:04 / All) FEEDMETEARS: i bet u
(58:07 / All) FEEDMETEARS: ur acct
(58:07 / All) impreza.inc.: hahaha
(58:10 / All) FEEDMETEARS: im 89-0 ne
(58:11 / All) impreza.inc.: is what?
(58:12 / All) FEEDMETEARS: no hacks
(58:13 / All) impreza.inc.: hahahaha
(58:15 / All) impreza.inc.: lol yea
(58:25 / All) impreza.inc.: im 70% elf kotg icon noob
(58:26 / All) FEEDMETEARS: uknow what FGL is?
(58:50 / All) King_NE: lol fag get a life
(58:53 / All) King_NE: thats what i means
(58:58 / All) TIMG4STRok: how the fuck are you 70%
(59:01 / All) TIMG4STRok: you're terrible
(59:13 / All) Vinho: LOL
(59:17 / All) King_NE: tim u went bats
(60:12 / All) FEEDMETEARS: o yeah?
(60:13 / All) FEEDMETEARS: well
(60:20 / All) FEEDMETEARS: i have 500-9 tourny acct
(60:21 / All) FEEDMETEARS: :o
(60:27 / All) FEEDMETEARS: wit 150 standard wins
(60:30 / All) FEEDMETEARS: whats up now bitch
(60:32 / All) FEEDMETEARS: cant hack that
(60:37 / All) FEEDMETEARS: BONUS WINS???
(60:44 / All) King_NE: yee ok and im the tooth fairy
(60:49 / All) FEEDMETEARS: lol
(60:51 / All) FEEDMETEARS: lololololol
(60:54 / All) FEEDMETEARS: lolololololololol
(60:55 / All) impreza.inc.: ur abuser
(60:56 / All) FEEDMETEARS: olololoolol
(60:56 / All) impreza.inc.: at
(60:57 / All) impreza.inc.: noob
(61:00 / All) impreza.inc.: ive seen ur acc
(61:05 / All) FEEDMETEARS: heheheh
(61:21 / All) FEEDMETEARS: this is what happens when pro's abuse wc3
(61:40 / All) FEEDMETEARS: o boy
(61:44 / All) FEEDMETEARS: u got all our buildings
(61:44 / All) FEEDMETEARS: gg
(61:59 / All) impreza.inc.: weve seen ur hiddin spot
(62:08 / All) King_NE: dosent really bother uss
(62:17 / All) TIMG4STRok: it should because you lose
(62:19 / All) Iceberg-Slim: it should
(62:20 / All) FEEDMETEARS: imma remeber u said that it doesnt bother u
(62:21 / All) FEEDMETEARS: ;)
(63:03 / All) FEEDMETEARS: hi
(63:22 / All) Vinho: don't worry i can be online for 48 hours
(63:37 / All) TIMG4STRok: really
(63:48 / All) TIMG4STRok: becasue in my experience battle.net gets wierd after 12 hours
(63:54 / All) TIMG4STRok: starts randomly disconnecting people and shit
(64:11 / All) impreza.inc.: bring it pussy
(64:16 / All) FEEDMETEARS: lol
(64:28 / All) TIMG4STRok: enjoy niggers
(64:31 / All) FEEDMETEARS: scan us 100 more times plz
(64:37 / All) FEEDMETEARS: keep scanning
(64:37 / All) TIMG4STRok: send some air up for Kesha Wildbarley
(70:48 / All) TIMG4STRok: nice investment
(70:51 / All) TIMG4STRok: a good use for that gold
(70:59 / All) FEEDMETEARS: so have u guyz ever seen starwars ep 3?
(71:04 / All) FEEDMETEARS: obi wan says
(71:09 / All) FEEDMETEARS: i have the highgrounds
(71:21 / All) FEEDMETEARS: than cuts dudes lags off
(71:23 / All) FEEDMETEARS: :)
(72:55 / All) FEEDMETEARS: man u guyz r gonna lose a 1 1/2 minute game
(73:02 / All) FEEDMETEARS: thoughts?
(73:08 / All) FEEDMETEARS: i ment hour -.-
(73:11 / All) FEEDMETEARS: <--- noob
(73:12 / All) FEEDMETEARS: clearly
(77:30 / All) Iceberg-Slim: so
(77:33 / All) Iceberg-Slim: whats shakin b akin
(77:49 / All) FEEDMETEARS: blue u like towers?
(77:50 / All) FEEDMETEARS: wtf
(77:55 / All) FEEDMETEARS: only NUBs get tower
(78:13 / All) Iceberg-Slim: how much gold do you have in your reserves
(78:19 / All) Vinho: oo
(78:29 / All) Vinho: i can scan and scan and scan and scan
(78:29 / All) FEEDMETEARS: i have more then the US is in debt
(78:37 / All) FEEDMETEARS: scanning kills towers
(78:38 / All) FEEDMETEARS: we know
(78:40 / All) Iceberg-Slim: lets have a silverpine town hall
(78:54 / All) Iceberg-Slim: what do you think about obamas decision not to accept public financing
(79:10 / All) FEEDMETEARS: heyt
(79:14 / All) FEEDMETEARS: y u gotta kill tree drinking?
(79:18 / All) FEEDMETEARS: he didnt do anything to u
(79:26 / All) impreza.inc.: dude
(79:29 / All) impreza.inc.: stfu
(79:31 / All) TIMG4STRok: did you shitnoobs admit defeat yet
(79:33 / All) TIMG4STRok: bow
(79:34 / All) Iceberg-Slim: bow
(80:30 / All) FEEDMETEARS: owned?
(80:31 / All) TIMG4STRok: ?
(80:32 / All) TIMG4STRok: ??
(80:33 / All) TIMG4STRok: ???
(80:35 / All) TIMG4STRok: ????
(80:36 / All) impreza.inc.: hahahaha
(80:52 / All) Vinho: you lost TP scroll = 350 gold!!!!
(81:01 / All) FEEDMETEARS: lol
(81:02 / All) Iceberg-Slim: that wasnt a tp
(81:03 / All) TIMG4STRok: staff of tp = free
(81:03 / All) FEEDMETEARS: he staffed out
(81:06 / All) FEEDMETEARS: nubshit
(81:09 / All) Iceberg-Slim: bow
(81:10 / All) Vinho: staff?
(81:12 / All) FEEDMETEARS: learn wc
(81:13 / All) Vinho: so fast cd?
(81:14 / All) impreza.inc.: hahahaha
(81:16 / All) impreza.inc.: noob
(81:17 / All) Vinho: that was scroll
(81:19 / All) impreza.inc.: stfu
(81:19 / All) FEEDMETEARS: lolol
(81:20 / All) Vinho: if it was staff
(81:22 / All) Vinho: you are dead
(81:22 / All) FEEDMETEARS: scroll
(81:23 / All) FEEDMETEARS: whahahah
(81:24 / All) TIMG4STRok: no
(81:27 / All) FEEDMETEARS: laahahahahahah
(81:29 / All) FEEDMETEARS:
(81:29 / All) FEEDMETEARS:
(81:30 / All) Iceberg-Slim: can you name 3 Baroque composers
(81:30 / All) FEEDMETEARS:
(81:31 / All) impreza.inc.: we have more in life than wc
(81:32 / All) Iceberg-Slim: i thought not
(81:33 / All) FEEDMETEARS:
(81:35 / All) impreza.inc.: and ur the noobs
(81:36 / All) impreza.inc.: ok
(81:39 / All) impreza.inc.: now stfu
(81:41 / All) impreza.inc.: nice and quiet
(81:42 / All) TIMG4STRok: no i wasnt invulnerable???
(81:47 / All) Iceberg-Slim: noobs dont even know anything about the baroque period
(81:50 / All) TIMG4STRok: impreza.inc welcome to the bitch list
(82:05 / All) impreza.inc.: ohhhh yea w/e noob
(82:30 / All) FEEDMETEARS: yellow type
(82:31 / All) FEEDMETEARS: plz
(82:35 / All) FEEDMETEARS: so i can add u
(82:59 / All) Vinho: oh 10th lvl!
(85:58 / All) FEEDMETEARS: HAHAHAH
(86:01 / All) Iceberg-Slim: gg....
(86:11 / All) FEEDMETEARS: only one butt-fuckin quitter?
(86:50 / All) Iceberg-Slim: nice
(87:46 / All) Iceberg-Slim: are you in the realization phase yet
(87:51 / All) Iceberg-Slim: or the acceptance
(88:14 / All) Iceberg-Slim: by now you must realize that victory is unattainable
(93:22 / All) TIMG4STRok: TIME TO DIP INTO MY 20K
(93:26 / All) Iceberg-Slim: killed 1 hero
(93:27 / All) Iceberg-Slim: lost 1 base
(93:39 / All) Iceberg-Slim: im no accountant
(93:40 / All) Iceberg-Slim: but
(93:45 / All) Vinho: yeah but we didn't defend base
(93:49 / All) Vinho: and you defend your hero
(93:55 / All) Vinho: "tryed" to defend
(94:07 / All) TIMG4STRok: yup right clicking on other side of the map is defending
(94:10 / All) TIMG4STRok: 1v1?
(94:25 / All) FEEDMETEARS: bye bye
(94:35 / All) FEEDMETEARS: bitchz
(94:53 / All) FEEDMETEARS: now i gotta spend sum of my 8.6 k
(95:19 / All) FEEDMETEARS: shit nubs leave
(95:22 / All) Iceberg-Slim: gg...
(95:34 / All) FEEDMETEARS: brb feeding grandpa
(95:34 / All) Iceberg-Slim: by now you are wondering "how did it come to this"
(95:37 / All) impreza.inc.: hahaha whos calling me noob? stfu trash
(95:40 / All) Iceberg-Slim: and i say
(95:44 / All) impreza.inc.: hope he dies
(95:56 / All) TIMG4STRok: who lose?
(96:29 / All) TIMG4STRok: 19.5K TO GO
(98:31 / All) TIMG4STRok: peace
(98:41 / All) TIMG4STRok: keep revealing
(99:01 / All) TIMG4STRok: oops you cant
(99:31 / All) TIMG4STRok: going to my moonwells brb
(101:31 / All) FEEDMETEARS: 420 mana means we win
(101:48 / All) FEEDMETEARS: man u guyz had more buildings than us
(101:50 / All) FEEDMETEARS: what happen ?
(102:07 / All) TIMG4STRok: come out and fight noobshits?
(102:14 / All) impreza.inc.: hahahaha
(102:16 / All) impreza.inc.: stfu
(102:25 / All) TIMG4STRok: enjoy breath of fire
(102:25 / All) Iceberg-Slim: gg....
(102:53 / All) Iceberg-Slim: hope you didntn eed those chimaeras
(104:30 / Allies) Iceberg-Slim: gg noobs
(104:31 / All) Iceberg-Slim: bow
(104:35 / All) Iceberg-Slim: bow and exit
(104:47 / All) TIMG4STRok: exit stage left
(108:41 / All) TIMG4STRok: ss the full hp one
(108:42 / All) TIMG4STRok: doofus
(110:19 / All) TIMG4STRok: LOL NICE TANGLE
(110:44 / All) TIMG4STRok: sWEET PURGE
(111:24 / All) FEEDMETEARS: gg nubshits
(111:25 / All) Iceberg-Slim: bow....
(111:27 / All) FEEDMETEARS: way to lose
(111:30 / All) FEEDMETEARS: long game